 Dungeon Crawl Stone Soup version 0.20-a0-1126-g0f15420 (webtiles) character file.

17 4thArraOfDagon the Ruffian (level 2, -1/27 HPs)
             Began as a Troll Transmuter on May 17, 2017.
             Succumbed to an orc wizard's poison
             ... on level 3 of the Dungeon.
             The game lasted 00:01:19 (214 turns).

4thArraOfDagon the Ruffian (Troll Transmuter)        Turns: 214, Time: 00:01:20

Health: -1/27      AC:  5    Str: 17    XL:     2   Next: 44%
Magic:  2/2        EV: 10    Int:  9    God:
Gold:   33         SH:  0    Dex: 10    Spells: 0/3 levels left

rFire    . . .     SeeInvis .     - Unarmed
rCold    . . .     Gourm    +   (no shield)
rNeg     . . .     Faith    .   b - +0 robe
rPois    .         Spirit   .   (helmet restricted)
rElec    .         Reflect  .   (no cloak)
rCorr    .         Harm     .   (gloves unavailable)
MR       +....                  (boots unavailable)
Stlth    +.........             (no amulet)
Regen    0.5/turn               (no ring)
MPRegen  0.1/turn               (no ring)

@: lethally poisoned (-1 -> -22), slowed, very slow
A: unfitting armour, claws 3, deterioration 1, fast metabolism 3, gourmand,
magic resistance 1, regeneration 1, shaggy fur 1, tough skin 2
a: no special abilities


You were on level 3 of the Dungeon.
You were not hungry.

You visited 1 branch of the dungeon, and saw 3 of its levels.

You collected 33 gold pieces.

Inventory:

Missiles
 a - 12 arrows
 f - a throwing net (quivered)
Armour
 b - a +0 robe (worn)
Wands
 g - a wand of flame (22/48)
Books
 c - a book of Changes

   Spells                             Type                      Level
   a - Beastly Appendage              Transmutation                1
   b - Sticks to Snakes               Transmutation                2
   c - Spider Form                    Transmutation/Poison         3
   d - Ice Form                       Ice/Transmutation            4
   e - Blade Hands                    Transmutation                5
Comestibles
 d - 2 bread rations


   Skills:
 - Level 1.2 Fighting
 - Level 1.5 Dodging
 * Level 3.6 Unarmed Combat
 - Level 1.2 Spellcasting
 - Level 1.3 Transmutations


You couldn't memorise any spells.
You knew the following spells:

 Your Spells              Type           Power        Failure   Level  Hunger
a - Beastly Appendage     Tmut           #.....       21%         1    ##.....
b - Sticks to Snakes      Tmut           #.......     30%         2    ###....


Dungeon Overview and Level Annotations

Branches:
Dungeon (3/15)

Altars:

Annotations:
D:3 mopl's ghost, amateur DsWn


Innate Abilities, Weirdness & Mutations

You are too large for most types of armour.
You have claws for hands.
Your metabolism is lightning-fast.
You like to eat raw meat.
Your natural rate of healing is unusually fast.
You are covered in fur. (AC +1)
You have very tough skin. (AC +2)
Your body sometimes deteriorates upon taking damage.
You are resistant to hostile enchantments. (MR+)


Message History

* * * LOW HITPOINT WARNING * * *
You feel very sick.
The orc wizard hits you but does no damage.
You are more poisoned.
The orc wizard hits you with a dagger of venom.
* * * LOW HITPOINT WARNING * * *
You are more poisoned.
Found a cloak.
Unknown command.
* * * LOW HITPOINT WARNING * * *
You feel very sick.
The orc wizard gestures wildly while chanting.
The orc wizard blinks!
The orc barely misses you. The worm closely misses you.
Found a dented platinum amulet.
Unknown command.
Unknown command.
It was a potion of mutation.
You feel extremely strange.
You feel yourself wasting away.
You feel resistant to hostile enchantments.
You die...

#...#####.......####.##.#
#.......................#
#.#.#########.######......#
#.#o.....
########.#..o..o@#.!(..
#.######W.# [.. #.# #..# .
#.. ...# #.. ##.## ...# #"#
...# #.# #.


You could see a worm, an orc wizard, mopl's ghost and an orc.

Vanquished Creatures
  An adder (D:3)
  An adder skeleton (D:3)
  A dart slug (D:3)
  2 bats (D:3)
5 creatures vanquished.

Notes
Turn   | Place    | Note
-------+----------+-------------------------------------------
     0 | D:1      | 4thArraOfDagon the Troll Transmuter began the quest for the Orb.
     0 | D:1      | Reached XP level 1. HP: 18/18 MP: 1/1
   116 | D:3      | Reached skill level 1 in Fighting
   116 | D:3      | Reached XP level 2. HP: 11/27 MP: 2/2
   131 | D:3      | Learned a level 2 spell: Sticks to Snakes
   157 | D:3      | Noticed mopl's ghost (amateur DsWn)
   214 | D:3      | Gained mutation: Your body sometimes deteriorates upon taking damage. [potion of mutation]
   214 | D:3      | Gained mutation: You are resistant to hostile enchantments. (MR+) [potion of mutation]
   214 | D:3      | Succumbed to an orc wizard's poison

Vault maps used:
D:1:      lordsloth_arrival_two_stooges
D:2:      chequers_ecumenical_altar_island, first_bread
D:3:      old_standard_altar, nicolae_ru_awakened_eye

Skill      XL: |  1 |
---------------+----+-----
Fighting       | 1 |  1.2
Dodging        | |  1.5
Unarmed Combat | |  3.6
Spellcasting   | |  1.2
Transmutations | |  1.3

Action                   || total
-------------------------++-------
Melee: Unarmed           ||    17
  Use: Potion            ||     1
  Eat: Chunk             ||     2
Armor: Robe              ||    23
Dodge: Dodged            ||    25
